 Dungeon Crawl Stone Soup version 0.30-a0-43-gbbf338a72c (webtiles) character file.

Game seed: 13940948519397823717

14 drugrobin the Sneak (level 2, -3/37 HPs)
             Began as a Demigod Delver on Aug 31, 2022.
             Slain by a river rat (8 damage)
             ... in a sewer.
             The game lasted 00:02:41 (502 turns).

drugrobin the Sneak (Demigod Delver)                 Turns: 502, Time: 00:02:42

Health: -3/37      AC:  8    Str: 13    XL:     2   Next: 18%
Magic:  4/4        EV:  6    Int: 12    God:
Gold:   33         SH:  0    Dex: 15    Spells: 1/1 levels left

rFire   . . .      SeeInvis .    a - +0 short sword
rCold   . . .      Faith    .    (no shield)
rNeg    . . .      Spirit   .    i - +0 chain mail
rPois   .          Reflect  .    (no helmet)
rElec   .          Harm     .    (no cloak)
rCorr   .          Rampage  .    (no gloves)
Will    .....                    (no boots)
Stlth   ..........               (no amulet)
HPRegen 0.12/turn                (no ring)
MPRegen 0.09/turn                (no ring)

@: berserking, very quick
A: high MP 1, forlorn, divine attributes
a: no special abilities


You were in a sewer.
You visited 1 branch of the dungeon, and saw 2 of its levels.
You also visited: Sewer.

You collected 33 gold pieces.

Inventory:

Hand Weapons
 a - a +0 short sword (weapon)
Armour
 b - a +0 leather armour
 i - a +0 chain mail (worn)
 j - a +0 ring mail
Wands
 g - a wand of digging (3)
Scrolls
 c - a scroll of fog
 d - a scroll of magic mapping
 e - a scroll of fear
 h - a scroll of immolation {unknown}
 l - a scroll of brand weapon {unknown}
Potions
 f - a potion of haste


   Skills:
 - Level 2.6 Fighting
 + Level 2.7 Short Blades
 - Level 1.7 Dodging
 - Level 4.5 Stealth


You had one spell level left.
You didn't know any spells.
Your spell library was empty.

Dungeon Overview and Level Annotations

Branches:
Dungeon (5/15)              Sewer (1/1)
 Temple: D:4-7

Shops:
D:4 =

Annotations:
D:4 1 runed translucent door, Crazy Yiuf, Grinder


Innate Abilities, Weirdness & Mutations

You have an increased reservoir of magic. (+10% MP)
You shall have no god before yourself.
Your divine heritage dramatically boosts your attributes as you level up.


Message History

Unknown command.
You hit the river rat but do no damage. The river rat bites you.
You hit the river rat.
The river rat is lightly wounded.
The river rat bites you but does no damage.
You closely miss the river rat.
The river rat is lightly wounded.
The river rat bites you but does no damage.
You hit the river rat but do no damage.
The river rat is lightly wounded.
The river rat bites you.
You completely miss the river rat.
The river rat is lightly wounded.
The river rat bites you.
You hit the river rat but do no damage.
The river rat is lightly wounded.
The river rat bites you.
You closely miss the river rat.
The river rat is lightly wounded.
The river rat barely misses you.
You hit the river rat but do no damage.
The river rat is lightly wounded.
The river rat bites you.
You hit the river rat.
The river rat is moderately wounded.
The river rat bites you.
It was a potion of berserk rage.
A red film seems to cover your vision as you go berserk!
You feel yourself moving faster!
You feel mighty! The river rat barely misses you.
You hit the river rat.
The river rat is heavily wounded.
You barely miss the river rat.
The river rat is heavily wounded.
The river rat bites you!
* * * LOW HITPOINT WARNING * * *
You barely miss the river rat.
The river rat is heavily wounded.
The river rat bites you!
You die...

. #### ##.. #..
....~ #.##~~~~~ ####
#@#≈≈≈#
#.†#############~r≈#
..~..†~~~~~~~~~~~≈≈#
~≈≈≈≈≈≈≈~≈##########
#############
......~~~~∩∩#
######.~~~### ##.~##
####


You could see a river rat.

Vanquished Creatures
  2 orcs (D:4)
  A ball python (Sewer)
  2 quokkas
  9 rats (Sewer)
14 creatures vanquished.

Notes
Turn   | Place    | Note
-------+----------+-------------------------------------------
     0 | D:5      | drugrobin the Demigod Delver began the quest for the Orb.
     0 | D:5      | Reached XP level 1. HP: 18/18 MP: 3/3
    33 | D:5      | Noticed an iguana
    98 | D:4      | Found a runed translucent door.
    99 | D:4      | Noticed Crazy Yiuf
   200 | D:4      | Found Ushetop's Jewellery Shop.
   241 | D:4      | Noticed Grinder
   244 | D:4      | Found a glowing drain.
   254 | Sewer    | Entered a sewer
   376 | Sewer    | Reached XP level 2. HP: 25/25 MP: 4/4
   502 | Sewer    | Slain by a river rat

Illustrated notes

Levels and vault maps discovered:
D:4:      layout_basic, minitemple, cheibrodos_sewer_entry_drain, serial_shops,
          nicolae_shop_stone, uniq_grinder, uniq_crazy_yiuf_cottage
D:5:      layout_loops_cross, serial_shops, nicolae_shop_bloodbath_and_beyond,
          chequers_serial_rivers_micro_a, uniq_eustachio
Sewer:    sewer_sea

Skill      XL: |  1 |
---------------+----+-----
Short Blades   | 2 |  2.7
Fighting       | |  2.6
Dodging        | |  1.7
Stealth        | |  4.5

Action                   || total
-------------------------++-------
Melee: Short sword       ||    54
  Use: Potion            ||     1
 Stab: Sleeping          ||     5
Armor: Leather armour    ||     5
       Chain mail        ||     7
Dodge: Dodged            ||    16

Table legend: (Time is in decaauts)
 A = Elapsed time spent in this place.
 B = Non-inter-level travel time spent in this place.
 C = Inter-level travel time spent in this place.
 D = Time resting spent in this place.
 E = Time spent auto-exploring this place.
 F = Levels seen in this place.
 G = Mean time per level.
                   A        B        C        D        E       F      G
               +--------+--------+--------+--------+--------+-----+--------+
         Total |    528 |    528 |      0 |    137 |     47 |   3 |  176.0 |
       Dungeon |    255 |    255 |      0 |     21 |     31 |   2 |  127.5 |
         Sewer |    273 |    273 |      0 |    116 |     16 |   1 |  273.0 |
               +--------+--------+--------+--------+--------+-----+--------+

Top non-repeatable levels by time:
   Sewer: 273 daAuts
     D:4: 192 daAuts
     D:5: 63 daAuts
